 Dungeon Crawl Stone Soup version 0.31-a0-196-g86fe4a5e66 (webtiles) character file.

Game seed: 10802892658818410643

154410 Pooter the Severer (level 17, -7/156 HPs)
             Began as a Minotaur Berserker on June 23, 2023.
             Was a High Priest of Trog.
             Mangled by a goliath frog (9 damage)
             ... on level 1 of the Swamp on June 25, 2023.
             The game lasted 03:03:44 (41577 turns).

Pooter the Severer (Minotaur Berserker)            Turns: 41577, Time: 03:03:44

Health: -7/156     AC: 12    Str: 26    XL:     17   Next: 6%
Magic:  16/16      EV: 14    Int:  6    God:    Trog [*****.]
Gold:   1689       SH:  5    Dex: 16    Spells: 16/16 levels left

rFire   . . .        a - +2 executioner's axe (flame)
rCold   . . .        (shield currently unavailable)
rNeg    . . .        z - +0 swamp dragon scales
rPois   +            Y - +0 hat {Will+}
rElec   .            B - +0 cloak
rCorr   .            (no gloves)
SInv    .            (no boots)
Will    ++++.        I - amulet of reflection
Stlth   ++           h - ring of flight
HPRegen 1.46/turn    y - +6 ring of dexterity
MPRegen 0.15/turn

%: reflection
@: strong-willed, flying, regenerating, studying Short Blades
A: horns 2, retaliatory headbutt, clumsy 1
a: Renounce Religion, Berserk, Trog's Hand, Brothers in Arms


You were on level 1 of the Swamp.
You worshipped Trog.
Trog was extremely pleased with you.
You visited 5 branches of the dungeon, and saw 26 of its levels.
You also visited: Gauntlet and Volcano.

You collected 2378 gold pieces.
You spent 689 gold pieces at shops.

Inventory:

Hand Weapons
 a - a +2 executioner's axe of flaming (weapon)
   (You found it in a volcano)
 b - a +2 arbalest of draining
   (You found it on level 7 of the Dungeon)
 d - a +1 battleaxe of electrocution
   (You took it off an orc warrior on level 7 of the Dungeon)
 O - a +4 battleaxe of flaming
   (You took it off a wight on level 9 of the Dungeon)
Missiles
 k - 32 boomerangs (quivered)
 o - 7 curare-tipped darts
 u - 7 javelins
 v - 6 silver javelins
 M - 7 silver boomerangs
Armour
 m - a +8 plate armour
   (You found it on level 2 of the Dungeon)
 x - the +2 cloak of the Thief {*Fog Slay-2 SInv Stlth+}
   (You found it in a Gauntlet)

   *Fog:      It may release a thick cloud of smoke when the wearer is hurt.
   Slay:      It affects your accuracy & damage with ranged weapons and melee
   (-2).
   SInv:      It lets you see invisible.
   Stlth:     It makes you more stealthy.
 z - +0 swamp dragon scales (worn)
   (You found it on level 1 of the Swamp)
 B - a +0 cloak (worn)
   (You found it on level 7 of the Dungeon)
 Y - a +0 hat of willpower (worn)
   (You found it on level 2 of the Orcish Mines)
Jewellery
 h - a ring of flight (left hand)
   (You found it on level 2 of the Elven Halls)
 y - a +6 ring of dexterity (right hand)
   (You found it on level 13 of the Dungeon)
 C - a ring of resist corrosion
   (You found it on level 10 of the Dungeon)
 F - a ring of protection from fire
   (You found it on level 3 of the Dungeon)
 G - an amulet of guardian spirit
   (You found it on level 2 of the Elven Halls)
 I - an amulet of reflection (around neck)
   (You found it on level 12 of the Dungeon)
 L - an amulet of regeneration
   (You found it on level 3 of the Lair of Beasts)
 N - a ring of positive energy
   (You found it on level 2 of the Lair of Beasts)
 Z - the amulet "Raitt" {Acrobat Rampage}
   (You found it in a Gauntlet)

   [amulet of the acrobat]

   It increases your evasion while moving and waiting.
   Rampage:   It bestows one free step when moving towards enemies.
Wands
 e - a wand of roots (13)
   (You found it in a Gauntlet)
 f - a wand of flame (40)
   (You bought it in a shop on level 7 of the Dungeon)
 l - a wand of mindburst (7)
   (You found it on level 3 of the Lair of Beasts)
 D - a wand of digging (19)
   (You found it on level 10 of the Dungeon)
 H - a wand of polymorph (18)
   (You found it on level 5 of the Dungeon)
 J - a wand of quicksilver (8)
   (You found it in a Gauntlet)
Scrolls
 c - 3 scrolls of brand weapon
 g - 3 scrolls of summoning
 i - 5 scrolls of identify {@r1}
 j - 6 scrolls of revelation
 n - 5 scrolls of blinking
 p - 4 scrolls of fear
 t - 6 scrolls of teleportation {@r4}
 w - 2 scrolls of noise {!r}
 T - a scroll of immolation {!r}
 W - 4 scrolls of poison {!r}
 X - 3 scrolls of fog
Potions
 q - 2 potions of attraction {!q}
 r - 6 potions of curing {@q1}
 s - 4 potions of cancellation
 A - 4 potions of enlightenment
 E - 4 potions of heal wounds {@q2}
 P - a potion of haste {@q3}
 R - 2 potions of might
 S - 2 potions of resistance
 U - 5 potions of lignification {!q}
Miscellaneous
 K - a sack of spiders
   (You found it on level 12 of the Dungeon)
 Q - a tin of tremorstones (inert)
   (You found it in a Gauntlet)
 V - a phantom mirror (inert)
   (You found it on level 4 of the Lair of Beasts)


   Skills:
 + Level 15.6 Fighting
 + Level 20.6 Axes
 - Level 18.0 Ranged Weapons
 + Level 6.6 Throwing
 + Level 13.3 Armour
 + Level 5.3 Dodging
 + Level 4.6 Stealth
 + Level 6.7 Evocations


You had 16 spell levels left.
You didn't know any spells.
Your spell library was empty.

Dungeon Overview and Level Annotations

Branches:
Dungeon (15/15)            Temple (0/1) D:7            Lair (5/5) D:9
  Swamp (1/4) Lair:3        Snake (0/4) Lair:2        Slime (0/5) Lair:5
    Orc (2/2) D:10            Elf (3/3) Orc:2        Vaults (0/5) D:14
 Depths (0/4) D:15        Volcano (visited)         Gauntlet (visited)

Altars:
Ashenzari
Cheibriados
Elyvilon
Gozag
Kikubaaqudgha
Nemelex Xobeh
Okawaru
Qazlal
Ru
Sif Muna
Trog
Wu Jian
Xom
Yredelemnul
Zin
Jiyva

Shops:
D:7 *   D:10 ((   D:12 [   D:13 ?   D:15 (=   Orc:2 (::*:   Elf:3 =

Annotations:
D:5 exclusion: downstairs
D:11 4 transporters
D:13 1 runed translucent door
Lair:2 2 transporters, Pacea's ghost, journeyman OpWn
Elf:2 5 runed translucent doors


Innate Abilities, Weirdness & Mutations

You have a pair of horns on your head.
You reflexively headbutt those who attack you in melee.
You are clumsy. (Dex -2)


Message History

You barely miss the spriggan rider.
Your headbutt misses the spriggan rider.
You miss the spriggan rider. You hit the swamp dragon.
You burn the swamp dragon.
The spriggan rider hits you with a +2 heavy spear!
You barely miss the swamp dragon. You headbutt the swamp dragon.
You slice the spriggan rider!! You burn the spriggan rider.
The swamp dragon closely misses you. You furiously retaliate!
You headbutt the swamp dragon. You block the swamp dragon's attack.
The swamp dragon tramples you but does no damage.
A goliath frog comes into view.
The spriggan rider hits you but does no damage.
You hit the spriggan rider. You burn the spriggan rider.
You headbutt the spriggan rider, but do no damage.
You hit the swamp dragon. You burn the swamp dragon.
The swamp dragon bites you. You block the swamp dragon's attack.
The swamp dragon tramples you.
You are shoved backwards!
Your skin crawls.
You feel strong-willed. You block the swamp dragon's attack. x3
The spriggan rider hits you but does no damage.
You hit the swamp dragon. You burn the swamp dragon.
The goliath frog hits you but does no damage.
The swamp dragon barely misses you. You furiously retaliate!
You headbutt the swamp dragon!
The swamp dragon claws you but does no damage.
The swamp dragon tramples you.
You hold your ground!
You slice the swamp dragon!! You burn the swamp dragon!
The goliath frog hits you from afar.
You are splashed with acid!
* * * LOW HITPOINT WARNING * * *
The spriggan rider drinks a potion.
The spriggan rider goes berserk!
The swamp dragon bites you.
* * * LOW HITPOINT WARNING * * *
The swamp dragon closely misses you. The swamp dragon tramples you!
* * * LOW HITPOINT WARNING * * *
You hold your ground!
The goliath frog hits you from afar!!
* * * LOW HITPOINT WARNING * * *
You are splashed with acid!
* * * LOW HITPOINT WARNING * * *
You slice the swamp dragon!! You burn the swamp dragon.
You kill the swamp dragon!
Trog accepts your kill.
The spriggan rider hits you from afar with a +2 heavy spear!
* * * LOW HITPOINT WARNING * * *
The goliath frog hits you from afar!
* * * LOW HITPOINT WARNING * * *
You are splashed with acid!
* * * LOW HITPOINT WARNING * * *
The goliath frog hits you from afar!
You die...

≈.~.~≈ ≈≈≈≈≈ ≈≈≈≈
♣... ♣♣♣♣♣ ≈≈. ♣.~..
♣♣♣♣♣.~.♣♣ ♣.. ♣..~♣
♣.~♣~~~.~♣ ♣..♣♣
.~~.♣ ♣♣..~~.~.♣
♣FiF♣♣.~.♣ ♣♣..~~~~♣
♣.~)♣~~~♣ ♣♣♣♣~§~~.♣
♣♣@.....♣ ♣≈♣♣♣~~.♣♣
♣♣..~.♣♣ ♣♣≈♣♣♣.~♣♣
♣).~?♣ ♣≈≈≈≈♣.~.♣
♣♣~~~.♣ ≈≈≈≈≈≈~..♣♣
♣♣†.§~♣♣ ≈≈≈≈≈♣.<~~♣
♣...~.♣ ≈≈≈≈≈..♣..♣♣
♣♣~~.~§♣
≈≈≈≈≈..♣.~.♣♣♣..~.~~♣
♣≈≈♣♣~♣♣♣..♣♣...~~~.♣


You could see a spriggan rider (berserk) and 2 goliath frogs.

Vanquished Creatures
  A tengu reaver (D:13)
  Roxanne (D:14)
  2 deep elf sorcerers
  An orc warlord (Orc:1)
  A very ugly thing (D:13)
  A deep elf demonologist (Orc:2)
  A minotaur (Gauntlet)
  A dire elephant (D:15)
  A deep elf annihilator (Elf:2)
  Snorg (Lair:3)
  An ettin (Orc:2)
  3 vault guards (D:14)
  14 hydras
  2 ogre magi (D:13)
  The ghost of AwFulAwFulPlayer the Markstengu, a journeyman TeHu of Gozag (Orc:2)
  2 rakshasas
  Erica (D:10)
  4 boulder beetles
  7 catoblepae
  5 tengu warriors
  4 two-headed ogres
  6 centaur warriors
  11 dancing weapons
  A hell hog (Gauntlet)
  6 death yaks
  4 orc high priests (Orc:2)
  9 deep elf knights
  A fire crab (Volcano)
  4 skysharks
  A bog body (Swamp:1)
  9 deep elf archers
  2 swamp dragons (Swamp:1)
  3 orc knights
  27 deep elf pyromancers
  A mana viper (shapeshifter) (D:13)
  A mana viper (D:10)
  A harpy (shapeshifter) (D:14)
  5 manticores
  20 deep elf zephyrmancers
  14 cyclopes
  10 ugly things
  2 will-o-the-wisps (Swamp:1)
  A moth of wrath (Orc:2)
  8 elephants
  2 molten gargoyles (Gauntlet)
  A naga mage (D:15)
  4 gargoyles
  The ghost of IdlyInterested the Trooper, a novice DsFi (D:5)
  14 cane toads
  The ghost of BubbleThief the Tainter, a novice NaVM (D:4)
  A water nymph (shapeshifter) (D:13)
  Maggie (D:10)
  4 black mambas
  2 torpor snails (Lair:3)
  An unseen horror (D:9)
  A freezing wraith (D:9)
  2 rime drakes (Lair:5)
  A kobold demonologist (D:11)
  2 efreet (D:13)
  12 komodo dragons
  3 tengu conjurers (D:13)
  A meliai (D:13)
  2 polar bears (Lair:3)
  12 trolls
  2 tyrant leeches (Lair:3)
  A burning bush (Lair:5)
  4 hornets
  9 slime creatures
  2 raiju (shapeshifter)
  12 blink frogs
  6 dream sheep
  Grinder (D:4)
  3 air elementals
  2 spriggans (Swamp:1)
  2 shadows
  4 wyverns
  6 fire bats
  A vampire (D:10)
  7 wraiths
  4 fire elementals
  9 basilisks
  4 water elementals
  Grum (D:11)
  61 yaks
  9 humans (D:14)
  5 vampire mosquitoes
  3 steam dragons
  9 wargs
  Edmund (D:4)
  A naga (Lair:2)
  An acid dragon (D:10)
  9 water moccasins
  A swamp worm (Swamp:1)
  4 ice beasts
  19 orc warriors
  2 swamp drakes
  4 hell hounds
  2 black bears (Lair:3)
  A sky beast (D:8)
  28 wolves
  4 ogres
  A centaur (shapeshifter) (D:9)
  9 centaurs
  11 bullfrogs
  2 gnoll sergeants (D:7)
  3 scorpions
  An earth elemental (Elf:2)
  6 wights
  8 killer bees
  8 electric eels
  6 howler monkeys
  A crimson imp (Orc:2)
  3 lava snakes (Lair:4)
  A hound (D:5)
  An iron imp (Orc:2)
  6 jellies
  39 orc priests
  A gnoll bouda (D:5)
  4 iguanas
  A hell rat (Lair:2)
  20 orc wizards
  9 adders
  13 gnolls
  A shadow imp (Orc:2)
  2 white imps
  An ufetubus (D:4)
  A worm (D:2)
  4 dart slugs
  112 orcs
  4 ball pythons
  10 endoplasms
  2 giant cockroaches
  4 goblins
  4 hobgoblins (D:1)
  8 kobolds
  5 quokkas
  4 bats
  4 frilled lizards
  6 rats
  A butterfly (Lair:1)
841 creatures vanquished.

Vanquished Creatures (others)
  A deep elf zephyrmancer (Orc:2)
  2 orc priests (Orc:2)
  5 orcs (Orc:2)
  3 foxfires (Swamp:1)
11 creatures vanquished.

Grand Total: 852 creatures vanquished

Notes
Turn   | Place    | Note
-------+----------+-------------------------------------------
     0 | D:1      | Pooter the Minotaur Berserker began the quest for the Orb.
     0 | D:1      | Reached XP level 1. HP: 19/19 MP: 0/0
    63 | D:1      | Reached XP level 2. HP: 4/27 MP: 1/1
   168 | D:1      | Reached skill level 4 in Axes
   239 | D:1      | Reached skill level 1 in Stealth
   604 | D:1      | Reached XP level 3. HP: 27/33 MP: 2/2
  1200 | D:2      | Reached ** piety under Trog
  1265 | D:2      | Reached XP level 4. HP: 40/40 MP: 3/3
  1891 | D:3      | Found a shimmering altar of Xom.
  2130 | D:3      | Reached skill level 5 in Axes
  2165 | D:4      | Noticed BubbleThief's ghost (novice NaVM)
  2173 | D:4      | Found a runed translucent gate.
  2173 | D:4      | Found a runed translucent gate.
  2173 | D:4      | Found a runed translucent gate.
  2313 | D:4      | Noticed a scorpion
  2324 | D:4      | Killed a scorpion
  2325 | D:4      | Reached skill level 1 in Ranged Weapons
  2325 | D:4      | Reached XP level 5. HP: 47/47 MP: 4/4
  2407 | D:4      | Noticed an ogre
  2413 | D:4      | Killed an ogre
  2523 | D:4      | Noticed Grinder
  2530 | D:4      | Reached XP level 6. HP: 55/55 MP: 5/5
  2534 | D:4      | Killed Grinder
  2535 | D:4      | Reached skill level 5 in Fighting
  2535 | D:4      | Reached skill level 6 in Axes
  2572 | D:4      | Found a stormy altar of Qazlal.
  2794 | D:4      | Noticed Edmund
  2800 | D:4      | Killed Edmund
  2801 | D:4      | Reached XP level 7. HP: 61/61 MP: 6/6
  3078 | D:5      | Entered Level 5 of the Dungeon
  3091 | D:5      | Noticed IdlyInterested's ghost (novice DsFi)
  3103 | D:5      | Reached skill level 7 in Axes
  3344 | D:5      | Reached skill level 5 in Ranged Weapons
  3489 | D:5      | Found a basalt altar of Yredelemnul.
  3489 | D:5      | Found a sacrificial altar of Ru.
  3489 | D:5      | Found a white marble altar of Elyvilon.
  3537 | D:5      | Reached skill level 8 in Axes
  3537 | D:5      | Reached XP level 8. HP: 58/70 MP: 7/7
  3628 | D:5      | Found a broken altar of Ashenzari.
  4012 | D:5      | Noticed a hornet
  4133 | D:5      | Found a transporter.
  4138 | D:5      | Found a transporter.
  4976 | D:7      | Reached skill level 9 in Axes
  5007 | D:7      | Found a staircase to the Ecumenical Temple.
  5163 | D:7      | Found Canu's Assorted Antiques.
  5174 | D:7      | Bought a brown potion for 27 gold pieces
  5174 | D:7      | Bought a long glass wand for 120 gold pieces
  5174 | D:7      | Bought a scroll of identify for 60 gold pieces
  5517 | D:7      | Reached XP level 9. HP: 69/79 MP: 8/8
  5947 | D:8      | Reached skill level 10 in Axes
  6155 | D:8      | Found an ornate altar of the Wu Jian Council.
  6375 | D:8      | Found a shimmering blue altar of Sif Muna.
  6379 | D:8      | Noticed a two-headed ogre
  6387 | D:8      | Killed a two-headed ogre
  6557 | D:8      | Reached skill level 11 in Axes
  6632 | D:8      | Found a glowing silver altar of Zin.
  6780 | D:8      | Found a snail-covered altar of Cheibriados.
  6781 | D:8      | Found a sparkling altar of Nemelex Xobeh.
  7242 | D:9      | Paralysed by a hornet for 2 turns
  7245 | D:9      | Reached XP level 10. HP: 76/88 MP: 9/9
  7511 | D:9      | Paralysed by a hornet for 3 turns
  7519 | D:9      | Reached skill level 5 in Armour
  8050 | D:9      | Found a staircase to the Lair.
  8483 | D:9      | Reached skill level 10 in Ranged Weapons
  8519 | D:9      | Found a runed translucent door.
  8520 | D:9      | Noticed an eight-headed hydra
  8536 | D:9      | Killed a five-headed hydra
  8537 | D:9      | Reached skill level 12 in Axes
  8765 | D:9      | Noticed a rakshasa
  8778 | D:9      | Killed a rakshasa
  8847 | D:9      | Found the +4 robe of Folly {Brill Will-∞ Int+8}
  9008 | D:10     | Entered Level 10 of the Dungeon
  9035 | D:10     | Found Ceechyog's Weapon Emporium.
  9091 | D:10     | Reached XP level 11. HP: 75/97 MP: 10/10
  9224 | D:10     | Found an opulent altar of Gozag.
  9235 | D:10     | Found Dadih's Weapon Boutique.
  9394 | D:10     | Reached *** piety under Trog
  9396 | D:10     | Found a staircase to the Orcish Mines.
  9585 | D:10     | Noticed Maggie
  9588 | D:10     | Killed Maggie
  9741 | D:10     | Reached skill level 13 in Axes
  9889 | D:10     | Noticed Sonja
  9890 | D:10     | Sonja changed into Sonja the mana viper
  9890 | D:10     | Noticed Sonja
  9897 | D:10     | Killed Sonja the mana viper
 10407 | Lair:1   | Entered Level 1 of the Lair of Beasts
 10621 | Lair:1   | Reached skill level 10 in Fighting
 10977 | Lair:1   | Reached skill level 14 in Axes
 11091 | Lair:1   | Identified the +1 flail "Tegeck" {freeze, Dex+2}
 11913 | Lair:2   | Reached XP level 12. HP: 107/107 MP: 11/11
 12037 | Lair:2   | Found a staircase to the Snake Pit.
 12234 | Lair:2   | Noticed a seven-headed hydra
 12240 | Lair:2   | Noticed Pacea's ghost (journeyman OpWn)
 12241 | Lair:2   | Noticed a four-headed hydra
 12387 | Lair:2   | Found a transporter.
 12404 | Lair:2   | Reached **** piety under Trog
 12405 | Lair:2   | Found a transporter.
 12830 | Lair:3   | Found a dark tunnel.
 12835 | Volcano  | Entered a volcano
 12909 | Volcano  | Reached skill level 15 in Axes
 14112 | Lair:3   | Noticed a seven-headed hydra
 14112 | Lair:3   | Noticed a six-headed hydra
 14112 | Lair:3   | Noticed a death yak
 14119 | Lair:3   | Killed a six-headed hydra
 14119 | Lair:3   | Killed a seven-headed hydra
 14119 | Lair:3   | Killed a death yak
 14337 | Lair:3   | Found a runed translucent door.
 14527 | Lair:3   | Noticed a five-headed hydra
 14535 | Lair:3   | Killed a one-headed hydra
 14536 | Lair:3   | Reached skill level 16 in Axes
 14536 | Lair:3   | Reached XP level 13. HP: 68/116 MP: 12/12
 14657 | Lair:3   | Noticed Snorg
 14671 | Lair:3   | Killed Snorg
 15374 | Lair:3   | Found a staircase to the Swamp.
 16239 | Lair:4   | Reached skill level 10 in Armour
 17044 | Lair:4   | Reached skill level 15 in Ranged Weapons
 18104 | Lair:5   | Entered Level 5 of the Lair of Beasts
 18127 | Lair:5   | Reached skill level 17 in Axes
 19957 | Lair:5   | Reached XP level 14. HP: 127/127 MP: 13/13
 20158 | Lair:5   | Found a viscous altar of Jiyva.
 20158 | Lair:5   | Found a staircase to the Slime Pits.
 20684 | Lair:5   | Reached skill level 18 in Axes
 20998 | Orc:1    | Entered Level 1 of the Orcish Mines
 21000 | Orc:1    | Noticed Erica
 21017 | D:10     | Killed Erica
 21309 | Orc:1    | Noticed an orc warlord
 21324 | Orc:1    | Killed an orc warlord
 21325 | Orc:1    | Reached skill level 1 in Evocations
 21628 | Orc:2    | Entered Level 2 of the Orcish Mines
 21628 | Orc:2    | Found a staircase to the Elven Halls.
 21750 | Orc:2    | Found a transporter.
 24016 | Orc:2    | Identified the amulet "Jiab" {RegenMP rElec rF+}
 24027 | Orc:2    | Noticed AwFulAwFulPlayer's ghost (journeyman TeHu)
 24031 | Orc:2    | Found a bloodstained altar of Trog.
 24052 | Orc:2    | Found a transporter.
 24472 | Orc:2    | Found Jaraottue's Book Shop.
 24729 | Orc:2    | Found Coiwetz's Book Shoppe.
 24729 | Orc:2    | Found Yred's General Store.
 24744 | Orc:2    | Bought a scroll of teleportation for 48 gold pieces
 24744 | Orc:2    | Bought a potion of curing for 48 gold pieces
 24744 | Orc:2    | Bought a scroll of identify for 32 gold pieces
 24744 | Orc:2    | Bought a scroll of identify for 32 gold pieces
 25240 | Orc:2    | Found Ymuev's Book Shoppe.
 25240 | Orc:2    | Found Waxuzuj's Antique Weapon Shop.
 25543 | Orc:2    | Upgraded the game from 0.31-a0-188-g5e087ee2ca to
                  | 0.31-a0-196-g86fe4a5e66
 25596 | Orc:2    | Killed AwFulAwFulPlayer's ghost
 25898 | D:5      | Killed IdlyInterested's ghost
 25938 | D:5      | Identified the +1 robe of Sunlight {Int+3}
 25980 | D:4      | Killed BubbleThief's ghost
 26171 | D:11     | Noticed Grum
 26189 | D:11     | Killed Grum
 26233 | D:11     | Found a transporter.
 26236 | D:11     | Found a transporter.
 26315 | D:11     | Found a transporter.
 26320 | D:11     | Found a transporter.
 26622 | D:11     | Found a transporter.
 26629 | D:11     | Found a transporter.
 27244 | D:12     | Found an iron altar of Okawaru.
 27283 | D:12     | Reached XP level 15. HP: 118/137 MP: 14/14
 27293 | D:12     | Found a transporter.
 27294 | D:12     | Found Nijubuiph's Antique Armour Emporium.
 27296 | D:12     | Found a transporter.
 27396 | D:12     | Found a gate leading to a gauntlet.
 27405 | Gauntlet | Entered a Gauntlet
 27405 | Gauntlet | Found a transporter.
 27412 | Gauntlet | Found a runed translucent door.
 27414 | Gauntlet | Found a transporter.
 27416 | Gauntlet | Found a runed translucent door.
 27422 | Gauntlet | Found the +2 cloak of the Thief {*Fog Slay-2 SInv Stlth+}
 27424 | Gauntlet | Found a transporter.
 27433 | Gauntlet | Reached skill level 1 in Throwing
 27451 | Gauntlet | Found a transporter.
 27457 | Gauntlet | Identified the +3 dagger "Are Wih" {drain, Drain rElec
                  | Will+++ Dex-2}
 27641 | Gauntlet | Found a transporter.
 27646 | Gauntlet | Identified the amulet "Raitt" {Acrobat Rampage}
 28111 | D:12     | Reached skill level 19 in Axes
 28933 | D:13     | Found Ydeqec's Magic Scroll Shop.
 29345 | D:13     | Bought a scroll of poison for 56 gold pieces
 29345 | D:13     | Bought a scroll of summoning for 133 gold pieces
 29345 | D:13     | Bought a scroll of summoning for 133 gold pieces
 29363 | D:13     | Found a runed translucent door.
 29363 | D:13     | Noticed a tengu reaver
 29535 | D:13     | Found a runed translucent door.
 29536 | D:13     | Found a runed translucent door.
 29543 | D:13     | Killed a tengu reaver
 29988 | D:13     | Reached ***** piety under Trog
 30410 | D:14     | Found a gate to the Vaults.
 30609 | D:14     | Identified Roxanne's Atlas of Flesh
 30609 | D:14     | Noticed Roxanne
 30636 | D:14     | Killed Roxanne
 31124 | D:14     | Reached skill level 5 in Evocations
 31299 | D:14     | Reached skill level 20 in Axes
 31307 | D:14     | Reached XP level 16. HP: 118/147 MP: 15/15
 31576 | D:15     | Entered Level 15 of the Dungeon
 31609 | D:15     | Found Sattisuc's Jewellery Shop.
 32176 | D:15     | Received a gift from Trog
 32220 | D:15     | Identified the +3 troll leather armour "Ziniodath" {Fly
                  | rElec Regen+ Str-2}
 32274 | D:15     | Found a staircase to the Depths.
 32429 | D:15     | Found Plog's Weapon Boutique.
 32453 | D:15     | Reached skill level 5 in Throwing
 32949 | Elf:1    | Entered Level 1 of the Elven Halls
 33676 | Orc:2    | Reached skill level 15 in Fighting
 33895 | Elf:1    | Paralysed by an air elemental for 1 turns
 34135 | Elf:1    | Paralysed by an air elemental for 1 turns
 34139 | Elf:1    | Paralysed by an air elemental for 1 turns
 34459 | Orc:2    | Noticed a Brimstone Fiend
 36449 | Elf:1    | Paralysed by an air elemental for 1 turns
 37287 | Elf:2    | Paralysed by an air elemental for 1 turns
 37289 | Elf:2    | Paralysed by an air elemental for 1 turns
 37467 | Elf:2    | Found a huge runed translucent gate.
 37467 | Elf:2    | Found a huge runed translucent gate.
 37467 | Elf:2    | Found a huge runed translucent gate.
 37467 | Elf:2    | Found a huge runed translucent gate.
 37467 | Elf:2    | Found a huge runed translucent gate.
 37478 | Elf:2    | Identified the +9 war axe of Soft True Grit {pain, rC+
                  | Str+3}
 38332 | Elf:2    | Found an ancient bone altar of Kikubaaqudgha.
 38736 | Elf:2    | Reached skill level 5 in Dodging
 38990 | Elf:2    | Identified the +0 robe of a Million Mice {rCorr Slay+3}
 39364 | Elf:3    | Entered Level 3 of the Elven Halls
 39409 | Elf:3    | Found Inyklav's Jewellery Boutique.
 39976 | Elf:3    | Reached XP level 17. HP: 134/156 MP: 16/16
 40209 | Elf:3    | Gained mutation: You are agile. (Dex +4, Str/Int -1)
                  | [potion of mutation]
 40209 | Elf:3    | Gained mutation: You occasionally lose the ability to drink
                  | potions when taking damage. [potion of mutation]
 40210 | Elf:3    | Lost mutation: You are agile. (Dex +4, Str/Int -1) [potion
                  | of mutation]
 40210 | Elf:3    | Lost mutation: You occasionally lose the ability to drink
                  | potions when taking damage. [potion of mutation]
 40210 | Elf:3    | Gained mutation: Your spells are a little harder to cast,
                  | but a little more powerful. [potion of mutation]
 40211 | Elf:3    | Lost mutation: Your spells are a little harder to cast, but
                  | a little more powerful. [potion of mutation]
 40211 | Elf:3    | Gained mutation: You are clumsy. (Dex -2) [potion of
                  | mutation]
 40587 | Swamp:1  | Entered Level 1 of the Swamp
 41577 | Swamp:1  | HP: 2/156 [acid (7)]
 41577 | Swamp:1  | Mangled by a goliath frog

Illustrated notes

Levels and vault maps discovered:
D:1:      dpeg_arrival_rooms_a, layout_basic
D:2:      layout_loops_ring, nicolae_half_adder
D:3:      layout_rooms, mainiacjoe_overflow_tiny_flanked
D:4:      layout_loops_ring, mainiacjoe_overflow_chevrons,
          gammafunk_ghost_split, uniq_grinder, uniq_edmund
D:5:      layout_basic, nicolae_overflow_quartered_altars, gammafunk_ghost_hive,
          st_stairs_3
D:6:      layout_basic
D:7:      minmay_chambers_of_fours, layout_rooms,
          minmay_temple_entry_butterflies, serial_shops, nicolae_shop_crystal
D:8:      layout_loops_corners, zin_statuary, minitemple
D:9:      layout_basic, lair_entry_dummy, minivault_13
D:10:     layout_stronghold, kennysheep_mini_moat, hiddenorc2_lemuel,
          serial_shops, nicolae_shop_crystal, nicolae_shop_trees, uniq_sonja,
          uniq_maggie
D:11:     layout_basic, hangedman_abyss_or_decor_stabs,
          chequers_serial_rivers_small_b, minmay_misc_feat_rugged,
          serial_nicolae_subway, nicolae_sub_station_stone,
          nicolae_sub_station_metal, nicolae_sub_station_crystal, uniq_grum
D:12:     layout_basic, gauntlet_entry_generic, serial_shops,
          nicolae_shop_drivethru, okawaru_ov_weapons_minmay
D:13:     minmay_the_grid_triangle_9x9_rhombus_full
          [minmay_the_grid_triangle_9x9_negative_grid,
          minmay_the_grid_triangle_9x9_semitri,
          minmay_the_grid_triangle_9x9_fully_insulated_deathbox,
          minmay_the_grid_triangle_9x9_cache,
          minmay_the_grid_triangle_9x9_longest,
          minmay_the_grid_triangle_9x9_empty,
          minmay_the_grid_triangle_9x9_windchime,
          minmay_the_grid_triangle_9x9_prize_top_heavy], layout_rooms,
          serial_shops, shop, minmay_fractal_squares_gapless_5
D:14:     layout_loops_cross, ximxim_vaults_locker_room,
          hangedman_decor_diamond_cutter, minmay_misc_feat_diagonals,
          mumra_transporter_accident, uniq_roxanne
D:15:     hangedman_depths_entry_try_elsewhere_first, layout_long_grid,
          minmay_strange_pillars, serial_shops,
          nicolae_shop_bloodbath_and_beyond, nicolae_shop_gaudy_bauble
Lair:1:   layout_regular_city, grunt_megastairs_1, lemuel_fruit_fields
Lair:2:   layout_hall_layers, guppyfry_snake_entry_island,
          gammafunk_ghost_arena, beast_lair_carwin_9, serial_bayou_shore_b,
          lemuel_fruit_fields
Lair:3:   nzn_winding_woodlands_three_and_one
          [nzn_winding_woodlands_5x15_concentric,
          nzn_winding_woodlands_5x15_garden, nzn_winding_woodlands_5x15_pool,
          nzn_winding_woodlands_center_pierced_h], layout_hall_layers,
          minmay_swamp_entry_worms, enter_volcano_1, pf_torpor_hydra,
          grunt_megastairs_4, uniq_snorg
Lair:4:   layout_cave_pods, nicolae_lair_liquid_snakes
Lair:5:   evilmike_catoblepas_cave, layout_regular_city,
          minmay_slime_entry_pillars, st_stairs_3, evilmike_ambush
          [evilmike_ambush_outer_basic, evilmike_ambush_inner_basic]
Swamp:1:  layout_falls_marsh, nicolae_swamp_feature_on_the_river_bank,
          swamp_pool1, grunt_hermit_hut
Orc:1:    layout_diamond_mine, uniq_erica
Orc:2:    st_orc_town, layout_caves, serial_shops, nicolae_shop_waterfront,
          gammafunk_ghost_wrathful_warriors, nicolae_orc_stony_grotto,
          hangedman_minor_magic
Elf:1:    minmay_elf_arrival_circle, layout_rooms, minmay_elf_annihilation
Elf:2:    elven_hall_of_blades_hangedman_alternative
          [mumra_blade_entry_bloodbath], layout_gridlike, basic_altar
Elf:3:    elf_hall, layout_geoelf_diagonals, serial_shops, shop, uniq_louise

Skill      XL: |  1  2  3  4  5  6  7  8  9 10 11 12 13 14 15 16 |
---------------+-------------------------------------------------+-----
Axes           | 4 5 6 8 9 11 12 14 16 17 18 20 | 20.6
Stealth        | 1 2 4 |  4.6
Fighting       | 4 5 6 7 8 9 10 11 12 13 14 15 | 15.6
Ranged Weapons | 1 2 4 5 7 9 10 12 14 15 16 18 | 18.0
Armour         | 3 4 6 8 9 10 12 13 | 13.3
Evocations     | 3 5 6 |  6.7
Throwing       | 4 6 |  6.6
Dodging        | 5 |  5.3

Action                     |  1- 3 |  4- 6 |  7- 9 | 10-12 | 13-15 | 16-18 || total
---------------------------+-------+-------+-------+-------+-------+-------++-------
  Melee: Hand axe          |    87 |    59 |    62 |       |       |       ||   208
         Headbutt          |    12 |     7 |    34 |    66 |   174 |    42 ||   335
         Punch             |     1 |       |       |       |       |       ||     1
         War axe           |       |       |    67 |       |       |       ||    67
         Battleaxe         |       |       |    56 |   323 |   794 |   147 ||  1320
         Executioner's axe |       |       |       |    15 |       |    86 ||   101
   Fire: Sling             |       |     3 |       |       |       |       ||     3
         Orcbow            |       |       |    21 |       |       |       ||    21
         Arbalest          |       |       |    25 |   104 |   378 |   243 ||   750
  Throw: Javelin           |       |     9 |     5 |       |       |       ||    14
         Stone             |       |       |       |     3 |       |       ||     3
         Boomerang         |       |       |       |     8 |     6 |    13 ||    27
 Invoke: Berserk           |     3 |     3 |     4 |     8 |    12 |     5 ||    35
         Trog's Hand       |       |     1 |     5 |    17 |    42 |    11 ||    76
  Evoke: Wand              |       |       |     7 |     4 |     7 |       ||    18
         Tin of tremorston |       |       |       |       |     1 |     3 ||     4
         Phantom mirror    |       |       |       |       |       |     1 ||     1
    Use: Scroll            |     4 |     4 |     7 |    11 |    23 |     2 ||    51
         Potion            |       |     2 |       |     2 |     8 |     4 ||    16
   Stab: Sleeping          |     3 |       |       |       |       |       ||     3
         Petrified         |       |       |       |       |     4 |       ||     4
 Armour: Animal skin       |    15 |       |       |       |       |       ||    15
         Plate armour      |     3 |    33 |   136 |   318 |   597 |   180 ||  1267
         Chain mail        |     2 |       |       |       |       |       ||     2
         Swamp dragon scal |       |       |       |       |       |     6 ||     6
  Dodge: Dodged            |    54 |    16 |    75 |   168 |   332 |   122 ||   767
  Block: Other             |       |       |       |       |    20 |    53 ||    73
         Reflection        |       |       |       |       |       |     7 ||     7

Table legend: (Time is in decaauts)
 A = Elapsed time spent in this place.
 B = Non-inter-level travel time spent in this place.
 C = Inter-level travel time spent in this place.
 D = Time resting spent in this place.
 E = Time spent auto-exploring this place.
 F = Levels seen in this place.
 G = Mean time per level.
                   A        B        C        D        E       F      G
               +--------+--------+--------+--------+--------+-----+--------+
         Total |  42023 |  40010 |   2013 |  17978 |  15662 |  28 | 1500.8 |
       Dungeon |  17987 |  16661 |   1326 |   4040 |   9859 |  15 | 1199.1 |
          Lair |   9762 |   9420 |    342 |   3777 |   4276 |   5 | 1952.4 |
         Swamp |    988 |    988 |      0 |    843 |     42 |   1 |  988.0 |
  Orcish Mines |   6194 |   6078 |    116 |   4506 |    857 |   2 | 3097.0 |
   Elven Halls |   5858 |   5631 |    227 |   3800 |    607 |   3 | 1952.7 |
       Volcano |    935 |    935 |      0 |    866 |      0 |   1 |  935.0 |
      Gauntlet |    296 |    296 |      0 |    143 |     20 |   1 |  296.0 |
               +--------+--------+--------+--------+--------+-----+--------+

Top non-repeatable levels by time:
   Orc:2: 5365 daAuts
   Elf:1: 2941 daAuts
  Lair:5: 2676 daAuts
  Lair:3: 2655 daAuts
     D:9: 2340 daAuts
   Elf:2: 2057 daAuts
  Lair:4: 2004 daAuts
    D:13: 1996 daAuts
    D:10: 1734 daAuts
  Lair:1: 1337 daAuts
     D:5: 1327 daAuts
    D:14: 1309 daAuts
    D:15: 1255 daAuts
     D:7: 1134 daAuts
  Lair:2: 1088 daAuts
